[ AOE2 MATCH · #469172167 ]
UnrankedTeutons vs Goths
[ REPLAY ANALYSIS · EXTRACTED FROM THE RECORDED GAME ]
Feudal
10:18
Castle
24:26
Imperial
43:32
| APM avg | 38.6 |
| APM peak | 95 |
| eAPM avg | 19.9 |
| Villagers / military | 117 / 191 |
Focus
⚔️ 34.8% · 🌾 65.2%
Knight ×83 · Scout Cavalry ×51 · Teutonic Knight ×49 · Fishing Ship ×26 · Trade Cart ×25 · Mangonel ×3
Feudal
9:22
Castle
21:41
Imperial
36:19
| APM avg | 48.5 |
| APM peak | 94 |
| eAPM avg | 27.7 |
| Villagers / military | 200 / 190 |
Focus
⚔️ 41.4% · 🌾 58.6%
Knight ×112 · Trade Cart ×36 · Archer ×26 · Hand Cannoneer ×19 · Throwing Axeman ×19 · Trebuchet (Packed) ×5
Feudal
9:52
Castle
22:44
Imperial
36:58
| APM avg | 27.4 |
| APM peak | 48 |
| eAPM avg | 18.0 |
| Villagers / military | 118 / 338 |
Focus
⚔️ 45.2% · 🌾 54.8%
Spearman ×182 · Huskarl ×63 · Hand Cannoneer ×52 · Scout Cavalry ×26 · Fishing Ship ×25 · Trade Cart ×12
Feudal
9:21
Castle
24:34
Imperial
38:50
| APM avg | 58.7 |
| APM peak | 111 |
| eAPM avg | 26.6 |
| Villagers / military | 173 / 341 |
Focus
⚔️ 46.3% · 🌾 53.7%
Archer ×178 · Spearman ×132 · Battering Ram ×24 · Fishing Ship ×11 · Unknown (2626) ×10 · Samurai ×7
Feudal
9:43
Castle
24:45
Imperial
42:20
| APM avg | 39.1 |
| APM peak | 90 |
| eAPM avg | 21.2 |
| Villagers / military | 177 / 137 |
Focus
⚔️ 28.7% · 🌾 71.3%
Camel Scout ×84 · Fishing Ship ×27 · Ghulam ×16 · Galley ×9 · Hand Cannoneer ×9 · Fire Galley ×8
Feudal
9:41
Castle
21:54
Imperial
39:42
| APM avg | 41.7 |
| APM peak | 76 |
| eAPM avg | 23.4 |
| Villagers / military | 203 / 201 |
Focus
⚔️ 36.9% · 🌾 63.1%
Cataphract ×56 · Skirmisher ×48 · Archer ×42 · Camel Scout ×17 · Trade Cart ×16 · Fire Galley ×13
Match map
Initial resources + every placement click. Lines = walls · curves = elevation contours. ◆ gold · ⬟ stone · ● berries · ✦ relic · ◌ wall gap
Your base· Open — unwalled flank
[JA]Xerxes's base· Open — unwalled flank
[JA] Salytmacska's base· Open — unwalled flank
[JA]Danager's base· Open — 4t gap
[JA]adaaaam's base· Open — 1t gap
[JA]SchleK SobeR's base· Open — unwalled flank
Smoothed initial terrain · ◌ = detected wall gap · hover for details
Inputs per minute
— [JA]peppsi96 - - [JA]Xerxes
Build order — [JA]peppsi96
First 150 of 455 actions detected
| 0:00 | Create | Villager (Male) |
| 0:02 | Build | House |
| 0:02 | Build | House |
| 0:31 | Create | Villager (Male) |
| 0:31 | Create | Villager (Male) |
| 0:31 | Create | Villager (Male) |
| 1:02 | Build | Lumber Camp |
| 1:13 | Create | Villager (Male) |
| 2:01 | Create | Villager (Male) |
| 2:29 | Research | Loom |
| 2:29 | Research | Loom |
| 2:32 | Create | Villager (Male) |
| 3:10 | Create | Villager (Male) |
| 3:42 | Build | Dock |
| 3:50 | Create | Villager (Male) |
| 4:01 | Build | House |
| 4:05 | Build | Palisade Wall |
| 4:26 | Create | Fishing Ship |
| 4:31 | Create | Villager (Male) |
| 4:47 | Create | Villager (Male) |
| 4:58 | Create | Fishing Ship |
| 5:11 | Create | Villager (Male) |
| 5:33 | Create | Villager (Male) |
| 5:41 | Create | Fishing Ship |
| 5:53 | Build | House |
| 6:07 | Create | Villager (Male) |
| 6:38 | Create | Villager (Male) |
| 6:43 | Build | Mill |
| 7:06 | Create | Villager (Male) |
| 7:13 | Create | Fishing Ship |
| 7:36 | Create | Villager (Male) |
| 7:40 | Build | House |
| 7:48 | Create | Villager (Male) |
| 7:56 | Create | Fishing Ship |
| 8:08 | Research | Feudal Age |
| 8:59 | Build | Barracks |
| 9:17 | Build | House |
| 10:08 | Create | Villager (Male) |
| 10:18 | Age | Feudal Age |
| 10:20 | Build | Stable |
| 10:24 | Build | Stable |
| 10:42 | Create | Villager (Male) |
| 10:52 | Research | Double-Bit Axe |
| 10:53 | Create | Villager (Male) |
| 11:04 | Build | Lumber Camp |
| 11:06 | Create | Villager (Male) |
| 11:12 | Create | Scout Cavalry |
| 11:16 | Create | Scout Cavalry |
| 11:38 | Build | Blacksmith |
| 11:44 | Create | Scout Cavalry |
| 11:44 | Create | Scout Cavalry |
| 11:52 | Create | Villager (Male) |
| 11:59 | Build | House |
| 11:59 | Build | House |
| 12:03 | Create | Villager (Male) |
| 12:06 | Create | Fishing Ship |
| 12:19 | Create | Scout Cavalry |
| 12:19 | Create | Scout Cavalry |
| 12:42 | Build | Dock |
| 12:47 | Create | Fishing Ship |
| 12:48 | Create | Villager (Male) |
| 13:01 | Create | Scout Cavalry |
| 13:07 | Create | Scout Cavalry |
| 13:07 | Create | Scout Cavalry |
| 13:14 | Create | Fishing Ship |
| 13:15 | Create | Villager (Male) |
| 13:41 | Create | Villager (Male) |
| 13:59 | Build | Farm |
| 14:02 | Build | Farm |
| 14:02 | Build | Farm |
| 14:03 | Build | Farm |
| 14:07 | Create | Scout Cavalry |
| 14:09 | Create | Fishing Ship |
| 14:09 | Create | Fishing Ship |
| 14:28 | Research | Scale Barding Armor |
| 14:28 | Research | Scale Barding Armor |
| 14:31 | Build | Farm |
| 14:32 | Build | Farm |
| 14:34 | Build | Farm |
| 14:35 | Create | Fishing Ship |
| 14:38 | Create | Villager (Male) |
| 14:53 | Create | Scout Cavalry |
| 14:53 | Create | Scout Cavalry |
| 15:00 | Build | House |
| 15:01 | Build | House |
| 15:02 | Create | Villager (Male) |
| 15:05 | Build | Farm |
| 15:14 | Create | Scout Cavalry |
| 15:25 | Research | Horse Collar |
| 15:25 | Research | Horse Collar |
| 15:26 | Create | Fishing Ship |
| 15:40 | Create | Scout Cavalry |
| 15:40 | Create | Scout Cavalry |
| 16:01 | Create | Scout Cavalry |
| 16:06 | Build | Farm |
| 16:10 | Build | House |
| 16:10 | Build | House |
| 16:22 | Create | Villager (Male) |
| 16:25 | Build | Farm |
| 16:27 | Build | Farm |
| 16:28 | Build | Farm |
| 16:29 | Create | Fishing Ship |
| 16:30 | Create | Villager (Male) |
| 16:33 | Build | House |
| 16:33 | Build | House |
| 16:34 | Build | House |
| 16:43 | Create | Scout Cavalry |
| 16:43 | Create | Scout Cavalry |
| 17:16 | Build | Stable |
| 17:20 | Create | Fishing Ship |
| 17:21 | Create | Villager (Male) |
| 17:21 | Create | Scout Cavalry |
| 17:22 | Create | Scout Cavalry |
| 17:38 | Research | Forging |
| 17:38 | Research | Forging |
| 17:40 | Create | Villager (Male) |
| 17:42 | Build | Farm |
| 17:47 | Create | Fishing Ship |
| 17:57 | Build | Mining Camp |
| 17:59 | Create | Scout Cavalry |
| 18:00 | Create | Scout Cavalry |
| 18:11 | Create | Villager (Male) |
| 18:26 | Create | Scout Cavalry |
| 18:26 | Create | Scout Cavalry |
| 18:32 | Create | Villager (Male) |
| 18:34 | Create | Scout Cavalry |
| 18:35 | Create | Scout Cavalry |
| 19:02 | Create | Scout Cavalry |
| 19:02 | Create | Scout Cavalry |
| 19:06 | Create | Villager (Male) |
| 19:06 | Create | Villager (Male) |
| 19:08 | Create | Fishing Ship |
| 19:08 | Create | Fishing Ship |
| 19:25 | Create | Fishing Ship |
| 19:26 | Create | Fishing Ship |
| 19:51 | Build | Lumber Camp |
| 19:55 | Create | Scout Cavalry |
| 19:55 | Create | Scout Cavalry |
| 19:55 | Create | Scout Cavalry |
| 19:57 | Create | Villager (Male) |
| 20:04 | Build | Stable |
| 20:05 | Build | Stable |
| 20:09 | Research | Bloodlines |
| 20:09 | Research | Bloodlines |
| 20:11 | Create | Scout Cavalry |
| 20:11 | Create | Scout Cavalry |
| 20:31 | Build | Fish Trap |
| 20:40 | Build | Fish Trap |
| 21:46 | Research | Castle Age |
| 22:05 | Build | House |
Build order — [JA]Xerxes
First 150 of 583 actions detected
| 0:01 | Create | Villager (Male) |
| 0:01 | Create | Villager (Male) |
| 0:02 | Build | House |
| 0:04 | Build | House |
| 0:14 | Create | Villager (Male) |
| 0:15 | Create | Villager (Male) |
| 1:33 | Build | Lumber Camp |
| 1:37 | Create | Villager (Male) |
| 2:03 | Create | Villager (Male) |
| 2:29 | Create | Villager (Male) |
| 2:51 | Create | Villager (Male) |
| 3:17 | Create | Villager (Male) |
| 3:23 | Build | House |
| 3:36 | Create | Villager (Male) |
| 4:08 | Create | Villager (Male) |
| 4:16 | Build | Dock |
| 4:34 | Create | Villager (Male) |
| 4:40 | Build | House |
| 4:54 | Create | Fishing Ship |
| 5:04 | Create | Villager (Male) |
| 5:20 | Create | Villager (Male) |
| 5:39 | Create | Fishing Ship |
| 5:51 | Create | Villager (Male) |
| 6:07 | Create | Villager (Male) |
| 6:07 | Research | Loom |
| 6:19 | Create | Fishing Ship |
| 7:12 | Research | Feudal Age |
| 7:33 | Build | Mining Camp |
| 7:46 | Build | House |
| 7:51 | Build | House |
| 8:00 | Build | Palisade Wall |
| 8:01 | Build | Palisade Wall |
| 8:31 | Build | Barracks |
| 9:19 | Create | Villager (Male) |
| 9:22 | Age | Feudal Age |
| 9:27 | Build | Archery Range |
| 9:41 | Create | Villager (Male) |
| 9:59 | Build | Palisade Wall |
| 10:01 | Build | Palisade Wall |
| 10:03 | Build | Palisade Wall |
| 10:05 | Create | Villager (Male) |
| 10:23 | Build | Archery Range |
| 10:30 | Create | Archer |
| 10:36 | Create | Villager (Male) |
| 10:42 | Build | Blacksmith |
| 10:57 | Create | Villager (Male) |
| 11:24 | Create | Archer |
| 11:25 | Research | Fletching |
| 11:29 | Create | Archer |
| 11:30 | Build | House |
| 11:31 | Create | Villager (Male) |
| 11:33 | Build | Mill |
| 11:47 | Create | Villager (Male) |
| 11:48 | Create | Archer |
| 12:10 | Create | Archer |
| 12:13 | Create | Archer |
| 12:27 | Create | Archer |
| 12:31 | Build | House |
| 12:43 | Create | Archer |
| 12:48 | Create | Villager (Male) |
| 12:58 | Create | Villager (Male) |
| 13:02 | Create | Villager (Male) |
| 13:05 | Create | Archer |
| 13:13 | Create | Archer |
| 13:46 | Create | Archer |
| 13:51 | Create | Archer |
| 13:57 | Create | Villager (Male) |
| 14:08 | Create | Archer |
| 14:14 | Create | Villager (Male) |
| 14:22 | Build | House |
| 14:22 | Build | House |
| 14:27 | Create | Archer |
| 14:44 | Create | Archer |
| 14:45 | Research | Gold Mining |
| 14:46 | Create | Villager (Male) |
| 14:56 | Build | Market |
| 14:58 | Create | Villager (Male) |
| 15:01 | Create | Archer |
| 15:20 | Create | Villager (Male) |
| 15:29 | Create | Villager (Male) |
| 15:44 | Build | Dock |
| 15:47 | Create | Archer |
| 15:59 | Build | Farm |
| 16:10 | Create | Archer |
| 16:20 | Create | Villager (Male) |
| 16:23 | Create | Fire Galley |
| 16:32 | Create | Archer |
| 17:07 | Create | Villager (Male) |
| 17:12 | Create | Spearman |
| 17:12 | Create | Spearman |
| 17:13 | Create | Villager (Male) |
| 17:18 | Create | Fire Galley |
| 17:23 | Create | Archer |
| 17:23 | Create | Archer |
| 17:26 | Create | Spearman |
| 17:31 | Create | Archer |
| 17:36 | Create | Villager (Male) |
| 17:39 | Build | Farm |
| 17:42 | Build | Farm |
| 17:51 | Create | Villager (Male) |
| 17:57 | Build | Farm |
| 17:58 | Build | Farm |
| 18:02 | Create | Archer |
| 18:02 | Create | Archer |
| 18:23 | Build | Farm |
| 19:01 | Research | Castle Age |
| 19:04 | Build | House |
| 19:08 | Build | House |
| 19:10 | Build | House |
| 19:16 | Research | Scale Barding Armor |
| 19:24 | Create | Villager (Male) |
| 19:27 | Build | Stable |
| 19:31 | Build | House |
| 19:33 | Build | House |
| 20:01 | Create | Spearman |
| 20:19 | Build | Farm |
| 20:20 | Build | Farm |
| 20:51 | Build | Stable |
| 20:57 | Build | Watch Tower |
| 21:06 | Build | House |
| 21:07 | Build | House |
| 21:23 | Build | House |
| 21:26 | Build | Palisade Gate |
| 21:41 | Age | Castle Age |
| 21:42 | Create | Knight |
| 21:45 | Create | Knight |
| 21:52 | Create | Knight |
| 21:52 | Create | Knight |
| 21:56 | Research | Forging |
| 22:01 | Research | Chain Barding Armor |
| 22:09 | Create | Villager (Male) |
| 22:12 | Create | Villager (Male) |
| 22:20 | Build | Farm |
| 22:27 | Build | Farm |
| 22:31 | Build | Farm |
| 22:41 | Research | Forging |
| 22:46 | Build | House |
| 23:08 | Create | Villager (Male) |
| 23:09 | Create | Villager (Male) |
| 23:17 | Create | Villager (Male) |
| 23:34 | Build | Palisade Gate |
| 23:42 | Create | Villager (Male) |
| 23:46 | Build | Town Center |
| 23:54 | Build | House |
| 23:59 | Create | Knight |
| 23:59 | Create | Knight |
| 24:09 | Build | Mining Camp |
| 24:14 | Create | Knight |
| 24:38 | Create | Villager (Male) |
| 24:52 | Create | Knight |
Build order — [JA] Salytmacska
First 150 of 471 actions detected
| 0:00 | Create | Villager (Male) |
| 0:02 | Build | House |
| 0:02 | Build | House |
| 0:14 | Create | Villager (Male) ×3 |
| 1:21 | Build | Lumber Camp |
| 1:22 | Create | Villager (Male) |
| 1:42 | Create | Villager (Male) |
| 2:25 | Create | Villager (Male) |
| 2:49 | Create | Villager (Male) |
| 3:14 | Create | Villager (Male) |
| 3:42 | Build | House |
| 3:44 | Build | Palisade Wall |
| 3:45 | Build | Palisade Wall |
| 3:50 | Create | Villager (Male) |
| 4:13 | Create | Villager (Male) |
| 4:25 | Build | Dock |
| 4:37 | Create | Villager (Male) |
| 5:00 | Create | Villager (Male) |
| 5:04 | Create | Fishing Ship |
| 5:17 | Build | House |
| 5:19 | Build | Palisade Wall |
| 5:29 | Create | Villager (Male) |
| 5:29 | Create | Villager (Male) |
| 5:47 | Create | Fishing Ship |
| 6:12 | Create | Villager (Male) |
| 6:15 | Create | Villager (Male) |
| 6:16 | Create | Villager (Male) |
| 6:20 | Create | Fishing Ship |
| 7:14 | Research | Loom |
| 7:23 | Build | House |
| 7:42 | Research | Feudal Age |
| 8:05 | Build | Lumber Camp |
| 8:32 | Create | Fishing Ship |
| 9:10 | Build | Barracks |
| 9:13 | Build | House |
| 9:27 | Build | Dock |
| 9:32 | Build | House |
| 9:46 | Create | Villager (Male) |
| 9:52 | Age | Feudal Age |
| 9:57 | Build | Palisade Wall |
| 10:09 | Build | Stable |
| 10:21 | Create | Villager (Male) |
| 10:23 | Research | Double-Bit Axe |
| 10:29 | Create | Villager (Male) |
| 10:35 | Create | Fishing Ship |
| 10:37 | Create | Fishing Ship |
| 10:41 | Create | Fishing Ship |
| 10:53 | Create | Scout Cavalry |
| 11:02 | Build | Stable |
| 11:15 | Create | Villager (Male) |
| 11:15 | Create | Villager (Male) |
| 11:16 | Create | Scout Cavalry |
| 11:19 | Create | Fishing Ship |
| 11:25 | Create | Fishing Ship |
| 11:33 | Create | Scout Cavalry |
| 11:45 | Build | House |
| 11:46 | Build | House |
| 11:49 | Build | House |
| 11:49 | Build | House |
| 11:54 | Research | Tech 906 |
| 12:02 | Create | Scout Cavalry |
| 12:11 | Create | Villager (Male) |
| 12:35 | Build | House |
| 12:36 | Build | Blacksmith |
| 12:45 | Create | Scout Cavalry |
| 12:45 | Create | Scout Cavalry |
| 12:48 | Create | Fishing Ship |
| 12:48 | Create | Fishing Ship |
| 13:02 | Create | Galley |
| 13:03 | Create | Galley |
| 13:05 | Create | Villager (Male) |
| 13:05 | Create | Villager (Male) |
| 13:11 | Create | Villager (Male) |
| 13:33 | Create | Scout Cavalry |
| 13:57 | Create | Villager (Male) |
| 13:58 | Create | Scout Cavalry |
| 14:04 | Create | Fishing Ship |
| 14:04 | Create | Fishing Ship |
| 14:08 | Create | Galley |
| 14:21 | Create | Villager (Male) |
| 14:21 | Create | Villager (Male) |
| 14:37 | Create | Scout Cavalry |
| 14:45 | Build | Mill |
| 14:46 | Build | Mining Camp |
| 14:53 | Build | House |
| 14:54 | Build | House |
| 14:55 | Build | Palisade Wall |
| 14:55 | Build | Palisade Wall |
| 15:04 | Create | Fishing Ship |
| 15:04 | Create | Fishing Ship |
| 15:16 | Create | Scout Cavalry |
| 15:16 | Create | Scout Cavalry |
| 15:17 | Create | Villager (Male) |
| 15:19 | Create | Fishing Ship |
| 15:19 | Create | Fishing Ship |
| 15:30 | Research | Horse Collar |
| 15:32 | Build | Farm |
| 15:32 | Build | Farm |
| 15:33 | Build | Farm |
| 15:34 | Build | Farm |
| 15:42 | Create | Scout Cavalry |
| 15:42 | Create | Scout Cavalry |
| 15:46 | Create | Scout Cavalry |
| 15:57 | Create | Villager (Male) |
| 15:59 | Create | Fishing Ship |
| 15:59 | Create | Fishing Ship |
| 16:00 | Build | Farm |
| 16:21 | Create | Scout Cavalry |
| 16:27 | Build | Farm |
| 16:28 | Create | Villager (Male) |
| 16:44 | Create | Scout Cavalry |
| 16:45 | Create | Villager (Male) |
| 16:47 | Create | Fishing Ship |
| 16:47 | Create | Fishing Ship |
| 17:04 | Create | Scout Cavalry |
| 17:07 | Create | Scout Cavalry |
| 17:07 | Create | Villager (Male) |
| 17:10 | Build | Farm |
| 17:11 | Build | Farm |
| 17:19 | Create | Fishing Ship |
| 17:19 | Create | Fishing Ship |
| 17:33 | Create | Villager (Male) |
| 17:35 | Research | Scale Barding Armor |
| 17:37 | Create | Scout Cavalry |
| 17:43 | Create | Scout Cavalry |
| 18:00 | Create | Scout Cavalry |
| 18:00 | Create | Scout Cavalry |
| 18:04 | Build | Farm |
| 18:05 | Build | Farm |
| 18:06 | Create | Villager (Male) |
| 18:11 | Build | House |
| 18:11 | Build | House |
| 18:17 | Research | Wheelbarrow |
| 18:26 | Create | Scout Cavalry |
| 18:47 | Build | House |
| 18:48 | Build | House |
| 18:49 | Build | House |
| 19:04 | Create | Scout Cavalry |
| 19:04 | Create | Scout Cavalry |
| 19:05 | Create | Scout Cavalry |
| 19:16 | Research | Forging |
| 19:37 | Build | Mining Camp |
| 19:39 | Create | Villager (Male) |
| 19:40 | Create | Villager (Male) |
| 19:55 | Research | Castle Age |
| 20:05 | Research | Gold Mining |
| 20:06 | Research | Stone Mining |
| 20:22 | Build | House |
| 20:37 | Create | Fishing Ship |
| 20:37 | Create | Fishing Ship |
Build order — [JA]Danager
First 150 of 603 actions detected
| 0:01 | Create | Villager (Male) |
| 0:01 | Create | Villager (Male) |
| 0:02 | Build | House |
| 0:03 | Build | House |
| 0:11 | Create | Villager (Male) |
| 0:12 | Create | Villager (Male) |
| 0:12 | Create | Villager (Male) |
| 1:24 | Create | Villager (Male) |
| 1:49 | Build | Lumber Camp |
| 1:59 | Create | Villager (Male) |
| 1:59 | Create | Villager (Male) |
| 2:29 | Create | Villager (Male) |
| 2:54 | Create | Villager (Male) |
| 3:24 | Create | Villager (Male) |
| 3:39 | Create | Villager (Male) |
| 3:40 | Create | Villager (Male) |
| 3:58 | Research | Loom |
| 4:02 | Build | Dock |
| 4:04 | Build | House |
| 4:17 | Build | House |
| 4:23 | Create | Villager (Male) |
| 4:23 | Create | Villager (Male) |
| 5:07 | Create | Fishing Ship |
| 5:31 | Create | Villager (Male) |
| 5:32 | Create | Villager (Male) |
| 5:32 | Create | Villager (Male) |
| 5:37 | Create | Fishing Ship |
| 6:15 | Create | Fishing Ship |
| 6:21 | Create | Villager (Male) |
| 6:40 | Create | Villager (Male) |
| 6:50 | Create | Fishing Ship |
| 6:55 | Build | Palisade Wall |
| 6:57 | Build | Palisade Wall |
| 7:11 | Research | Feudal Age |
| 7:18 | Build | Mining Camp |
| 7:34 | Create | Fishing Ship |
| 7:34 | Create | Fishing Ship |
| 7:49 | Build | House |
| 8:30 | Build | Barracks |
| 8:42 | Create | Villager (Male) |
| 8:43 | Create | Villager (Male) |
| 9:21 | Age | Feudal Age |
| 9:23 | Build | Archery Range |
| 9:47 | Build | Archery Range |
| 10:06 | Create | Villager (Male) |
| 10:07 | Create | Villager (Male) |
| 10:13 | Create | Archer |
| 10:13 | Create | Archer |
| 10:13 | Create | Archer |
| 10:37 | Build | Blacksmith |
| 10:38 | Build | Palisade Wall |
| 11:11 | Create | Villager (Male) |
| 11:13 | Build | House |
| 11:15 | Build | House |
| 11:26 | Research | Fletching |
| 11:26 | Research | Fletching |
| 11:35 | Build | House |
| 11:37 | Research | Padded Archer Armor |
| 11:48 | Build | Palisade Wall |
| 11:49 | Build | Palisade Wall |
| 11:50 | Build | Palisade Wall |
| 11:53 | Create | Archer |
| 11:53 | Create | Archer |
| 11:56 | Create | Villager (Male) |
| 12:29 | Build | Palisade Wall |
| 12:31 | Build | Palisade Wall |
| 12:36 | Create | Villager (Male) |
| 12:36 | Create | Villager (Male) |
| 12:37 | Create | Archer |
| 12:37 | Create | Archer |
| 12:37 | Create | Archer |
| 12:46 | Build | Palisade Gate |
| 12:50 | Create | Archer |
| 13:02 | Create | Villager (Male) |
| 13:05 | Build | Archery Range |
| 13:11 | Create | Fishing Ship ×2 |
| 13:53 | Create | Archer |
| 13:53 | Create | Archer |
| 13:53 | Create | Archer |
| 13:53 | Create | Archer |
| 13:54 | Create | Villager (Male) |
| 13:54 | Create | Villager (Male) |
| 13:54 | Create | Villager (Male) |
| 14:09 | Build | House |
| 14:11 | Create | Archer |
| 14:11 | Create | Archer |
| 14:17 | Create | Archer |
| 14:36 | Create | Archer |
| 14:36 | Create | Archer |
| 14:51 | Create | Villager (Male) |
| 14:51 | Create | Villager (Male) |
| 14:52 | Create | Villager (Male) |
| 14:54 | Build | Lumber Camp |
| 14:56 | Create | Archer |
| 15:00 | Build | House |
| 15:01 | Build | Palisade Wall |
| 15:12 | Build | Mill |
| 15:14 | Create | Archer |
| 15:14 | Create | Archer |
| 15:32 | Create | Archer |
| 15:48 | Create | Archer |
| 15:49 | Create | Archer |
| 15:49 | Create | Archer |
| 15:59 | Create | Villager (Male) |
| 16:08 | Create | Archer |
| 16:09 | Create | Archer |
| 16:19 | Research | Double-Bit Axe |
| 16:19 | Research | Horse Collar |
| 16:20 | Research | Horse Collar |
| 16:27 | Create | Archer |
| 16:27 | Create | Archer |
| 17:10 | Create | Archer |
| 17:11 | Create | Archer |
| 17:11 | Create | Archer |
| 17:11 | Create | Archer |
| 17:12 | Create | Villager (Male) |
| 17:12 | Create | Villager (Male) |
| 17:21 | Create | Archer |
| 17:21 | Create | Archer |
| 17:29 | Build | Dock |
| 17:42 | Create | Unit 2626 |
| 17:59 | Create | Unit 2626 |
| 18:04 | Build | Dock |
| 18:11 | Create | Unit 2626 |
| 18:11 | Create | Unit 2626 |
| 18:15 | Build | House |
| 18:16 | Build | House |
| 18:16 | Build | House |
| 18:21 | Create | Archer |
| 18:37 | Create | Archer |
| 18:41 | Create | Villager (Male) |
| 18:41 | Create | Villager (Male) |
| 19:09 | Create | Unit 2626 ×3 |
| 19:09 | Create | Unit 2626 ×3 |
| 19:18 | Build | Mining Camp |
| 19:19 | Create | Villager (Male) |
| 19:19 | Create | Villager (Male) |
| 19:19 | Create | Villager (Male) |
| 19:19 | Create | Villager (Male) |
| 19:27 | Create | Archer |
| 19:28 | Create | Archer |
| 19:28 | Create | Archer |
| 19:42 | Build | Farm |
| 19:43 | Build | Farm |
| 19:45 | Create | Archer |
| 19:45 | Create | Archer |
| 20:20 | Build | Market |
| 20:21 | Build | Palisade Wall |
| 20:36 | Build | House |
| 20:36 | Build | House |
Build order — [JA]adaaaam
First 150 of 531 actions detected
| 0:01 | Create | Villager (Male) |
| 0:02 | Build | House |
| 0:03 | Build | House |
| 0:04 | Create | Villager (Male) |
| 0:04 | Create | Villager (Male) |
| 0:08 | Create | Villager (Male) |
| 1:13 | Create | Villager (Male) |
| 1:58 | Build | Lumber Camp |
| 2:07 | Create | Villager (Male) |
| 2:10 | Create | Villager (Male) |
| 2:44 | Create | Villager (Male) |
| 2:45 | Research | Loom |
| 3:12 | Create | Villager (Male) |
| 3:36 | Create | Villager (Male) |
| 4:06 | Create | Villager (Male) |
| 4:16 | Build | House |
| 4:30 | Create | Villager (Male) |
| 4:40 | Build | Dock |
| 4:44 | Create | Villager (Male) |
| 4:48 | Build | Palisade Wall |
| 4:49 | Build | Palisade Wall |
| 5:07 | Create | Villager (Male) |
| 5:24 | Create | Villager (Male) |
| 5:32 | Create | Fishing Ship |
| 5:41 | Build | House |
| 5:53 | Create | Villager (Male) |
| 6:08 | Create | Fishing Ship |
| 6:58 | Create | Fishing Ship |
| 7:04 | Create | Villager (Male) |
| 7:33 | Research | Feudal Age |
| 7:46 | Build | Mining Camp |
| 8:04 | Build | Palisade Wall |
| 8:35 | Build | Dock |
| 8:37 | Build | Palisade Wall |
| 8:38 | Build | Palisade Wall |
| 9:01 | Create | Villager (Male) |
| 9:07 | Build | House |
| 9:24 | Build | House |
| 9:31 | Create | Villager (Male) |
| 9:43 | Age | Feudal Age |
| 9:44 | Create | Unit 2626 |
| 9:44 | Create | Unit 2626 |
| 9:47 | Research | Double-Bit Axe |
| 9:53 | Build | Palisade Wall |
| 10:03 | Build | House |
| 10:07 | Create | Villager (Male) |
| 10:23 | Create | Unit 2626 |
| 10:23 | Create | Unit 2626 |
| 10:36 | Build | House |
| 10:39 | Build | Palisade Wall |
| 10:45 | Build | House |
| 10:55 | Create | Galley |
| 11:02 | Create | Villager (Male) |
| 11:22 | Build | Blacksmith |
| 11:23 | Create | Villager (Male) |
| 11:41 | Create | Galley |
| 11:58 | Create | Galley |
| 11:59 | Create | Villager (Male) |
| 12:03 | Build | Mill |
| 12:11 | Research | Fletching |
| 12:12 | Build | House |
| 12:24 | Create | Galley |
| 12:27 | Build | House |
| 12:35 | Build | Palisade Wall |
| 12:40 | Create | Villager (Male) |
| 13:02 | Create | Galley |
| 13:14 | Create | Galley |
| 13:27 | Create | Fire Galley |
| 13:30 | Create | Villager (Male) |
| 13:34 | Build | Palisade Wall |
| 13:34 | Build | Palisade Wall |
| 13:43 | Create | Villager (Male) |
| 13:49 | Build | Palisade Wall |
| 13:57 | Create | Galley |
| 14:02 | Create | Villager (Male) |
| 14:52 | Create | Fire Galley |
| 14:58 | Create | Fire Galley |
| 15:00 | Create | Villager (Male) |
| 15:02 | Build | Dock |
| 15:16 | Create | Villager (Male) |
| 15:35 | Create | Galley |
| 15:41 | Research | Wheelbarrow |
| 15:51 | Build | House |
| 15:52 | Create | Fire Galley |
| 15:53 | Create | Fire Galley |
| 15:53 | Create | Villager (Male) |
| 16:00 | Build | House |
| 16:01 | Build | House |
| 16:02 | Build | House |
| 16:31 | Create | Galley |
| 16:50 | Create | Fire Galley |
| 16:56 | Create | Villager (Male) |
| 17:19 | Create | Unit 2626 |
| 17:20 | Create | Villager (Male) |
| 17:31 | Create | Villager (Male) |
| 17:40 | Create | Unit 2626 |
| 17:40 | Create | Unit 2626 |
| 17:44 | Create | Villager (Male) |
| 17:52 | Create | Villager (Male) |
| 18:08 | Research | Horse Collar |
| 18:12 | Build | House |
| 18:13 | Build | House |
| 18:14 | Build | House |
| 18:17 | Build | Farm |
| 18:19 | Build | Farm |
| 18:24 | Build | House |
| 18:25 | Build | House |
| 18:25 | Build | House |
| 18:34 | Create | Villager (Male) |
| 18:42 | Build | Farm |
| 18:44 | Build | Farm |
| 18:45 | Build | Farm |
| 19:04 | Build | Farm |
| 19:18 | Create | Fire Galley |
| 19:18 | Create | Fire Galley |
| 19:23 | Create | Villager (Male) |
| 19:34 | Research | Gold Mining |
| 19:50 | Build | Farm |
| 19:51 | Build | Farm |
| 19:51 | Build | Farm |
| 19:58 | Build | House |
| 19:59 | Build | House |
| 20:06 | Build | Palisade Wall |
| 20:09 | Build | House |
| 20:12 | Create | Villager (Male) |
| 20:17 | Build | House |
| 20:55 | Build | Lumber Camp |
| 21:30 | Build | Dock |
| 21:32 | Create | Villager (Male) |
| 21:39 | Build | Market |
| 22:05 | Research | Castle Age |
| 22:14 | Build | Lumber Camp |
| 22:23 | Create | Fishing Ship |
| 22:23 | Create | Fishing Ship |
| 22:24 | Create | Fishing Ship |
| 22:49 | Build | House |
| 22:53 | Build | Barracks |
| 23:05 | Build | Palisade Wall |
| 23:06 | Build | Palisade Wall |
| 23:11 | Build | Palisade Wall |
| 23:23 | Create | Fishing Ship |
| 23:23 | Create | Fishing Ship |
| 23:24 | Create | Fishing Ship |
| 23:24 | Create | Fishing Ship |
| 23:47 | Create | Villager (Male) |
| 24:04 | Create | Villager (Male) |
| 24:05 | Research | Scale Barding Armor |
| 24:13 | Build | Stable |
| 24:24 | Build | Stable |
| 24:25 | Create | Fishing Ship |
Build order — [JA]SchleK SobeR
First 150 of 622 actions detected
| 0:00 | Create | Villager (Male) |
| 0:01 | Create | Villager (Male) |
| 0:02 | Build | House |
| 0:03 | Build | House |
| 0:10 | Create | Villager (Male) |
| 0:10 | Create | Villager (Male) |
| 1:24 | Create | Villager (Male) |
| 1:43 | Build | Lumber Camp |
| 2:06 | Create | Villager (Male) |
| 2:09 | Create | Villager (Male) |
| 2:44 | Create | Villager (Male) |
| 3:18 | Create | Villager (Male) |
| 3:31 | Build | House |
| 3:33 | Create | Villager (Male) |
| 3:48 | Create | Villager (Male) |
| 4:19 | Build | Dock |
| 4:28 | Create | Villager (Male) |
| 4:28 | Create | Villager (Male) |
| 4:51 | Build | House |
| 4:56 | Create | Villager (Male) |
| 5:14 | Create | Fishing Ship |
| 5:42 | Create | Villager (Male) |
| 5:57 | Create | Fishing Ship |
| 6:11 | Create | Villager (Male) |
| 6:11 | Create | Villager (Male) |
| 6:39 | Build | Palisade Wall |
| 6:39 | Build | Palisade Wall |
| 6:43 | Create | Villager (Male) |
| 6:45 | Create | Fishing Ship |
| 6:50 | Research | Loom |
| 6:53 | Build | Palisade Wall |
| 6:58 | Build | House |
| 7:26 | Research | Feudal Age |
| 7:30 | Create | Fishing Ship |
| 8:25 | Create | Fishing Ship |
| 8:50 | Build | Dock |
| 8:56 | Build | Palisade Wall |
| 8:58 | Build | Palisade Wall |
| 8:59 | Build | Palisade Wall |
| 9:17 | Create | Villager (Male) |
| 9:22 | Build | Mining Camp |
| 9:41 | Age | Feudal Age |
| 9:43 | Create | Villager (Male) |
| 9:47 | Create | Fire Galley |
| 9:53 | Create | Villager (Male) |
| 10:07 | Research | Double-Bit Axe |
| 10:21 | Build | Palisade Wall |
| 10:22 | Build | Palisade Wall |
| 10:28 | Build | House |
| 10:34 | Create | Unit 2626 |
| 10:40 | Create | Villager (Male) |
| 10:56 | Build | House |
| 11:01 | Create | Fire Galley |
| 11:25 | Create | Galley |
| 11:27 | Create | Villager (Male) |
| 11:28 | Create | Villager (Male) |
| 12:08 | Create | Galley |
| 12:08 | Create | Galley |
| 12:09 | Create | Villager (Male) |
| 12:14 | Create | Villager (Male) |
| 12:31 | Create | Galley |
| 12:53 | Create | Unit 2626 |
| 13:12 | Build | Blacksmith |
| 13:40 | Build | Dock |
| 13:41 | Create | Villager (Male) |
| 13:42 | Create | Villager (Male) |
| 13:49 | Build | House |
| 13:55 | Build | Mill |
| 14:14 | Create | Villager (Male) |
| 14:18 | Create | Galley |
| 14:21 | Research | Fletching |
| 14:51 | Create | Fire Galley |
| 14:51 | Create | Fire Galley |
| 14:51 | Create | Fire Galley |
| 14:52 | Create | Fire Galley |
| 14:56 | Create | Villager (Male) |
| 14:58 | Create | Villager (Male) |
| 14:58 | Create | Villager (Male) |
| 15:14 | Create | Villager (Male) |
| 15:14 | Create | Villager (Male) |
| 15:28 | Build | Farm |
| 15:30 | Build | Farm |
| 15:32 | Build | Farm |
| 15:33 | Create | Villager (Male) |
| 15:49 | Build | Farm |
| 16:04 | Create | Fire Galley |
| 16:11 | Create | Villager (Male) |
| 16:17 | Build | House |
| 16:31 | Create | Fire Galley |
| 16:31 | Create | Fire Galley |
| 16:32 | Create | Villager (Male) |
| 17:02 | Create | Fire Galley |
| 17:59 | Create | Fire Galley |
| 17:59 | Create | Fire Galley |
| 17:59 | Create | Fire Galley |
| 18:06 | Create | Villager (Male) |
| 18:11 | Build | Market |
| 18:14 | Create | Villager (Male) |
| 18:39 | Build | Barracks |
| 19:14 | Research | Castle Age |
| 19:39 | Research | Gold Mining |
| 19:42 | Build | Archery Range |
| 19:49 | Build | Archery Range |
| 20:13 | Build | House |
| 20:14 | Build | Palisade Wall |
| 20:15 | Research | Horse Collar |
| 20:25 | Build | Palisade Wall |
| 20:28 | Build | Palisade Wall |
| 20:30 | Create | Villager (Male) |
| 20:38 | Build | Farm |
| 20:48 | Create | Archer |
| 20:49 | Create | Archer |
| 21:02 | Build | Lumber Camp |
| 21:15 | Build | Palisade Gate |
| 21:28 | Create | Archer |
| 21:28 | Create | Archer |
| 21:31 | Research | Padded Archer Armor |
| 21:41 | Build | Farm |
| 21:42 | Build | Farm |
| 21:43 | Build | Farm |
| 21:54 | Age | Castle Age |
| 22:03 | Build | Outpost |
| 22:05 | Build | House |
| 22:08 | Create | Villager (Male) |
| 22:12 | Create | Militia |
| 22:14 | Create | Archer |
| 22:15 | Create | Archer |
| 22:18 | Research | Crossbowman (upgrade) |
| 22:21 | Build | House |
| 22:21 | Build | House |
| 22:25 | Build | Farm |
| 22:27 | Build | House |
| 22:28 | Build | House |
| 22:32 | Build | House |
| 22:33 | Build | House |
| 22:55 | Create | Archer |
| 22:56 | Create | Archer |
| 23:00 | Create | Villager (Male) |
| 23:02 | Build | Farm |
| 23:14 | Build | House |
| 23:21 | Build | Farm |
| 23:23 | Build | Farm |
| 23:24 | Create | Archer |
| 23:24 | Create | Archer |
| 23:47 | Build | Palisade Wall |
| 23:55 | Build | Palisade Wall |
| 23:58 | Build | Palisade Wall |
| 24:05 | Create | Villager (Male) |
| 24:06 | Build | Farm |
| 24:07 | Create | Archer |
Match timeline
| 3:42 | [JA]peppsi96 · first_building Dock |
| 3:44 | [JA] Salytmacska · wall_segment Palisade Wall x2 |
| 3:45 | [JA] Salytmacska · wall_segment Palisade Wall x1 |
| 4:02 | [JA]Danager · first_building Dock |
| 4:05 | [JA]peppsi96 · wall_segment Palisade Wall x1 |
| 4:16 | [JA]Xerxes · first_building Dock |
| 4:19 | [JA]SchleK SobeR · first_building Dock |
| 4:25 | [JA] Salytmacska · first_building Dock |
| 4:40 | [JA]adaaaam · first_building Dock |
| 4:48 | [JA]adaaaam · wall_segment Palisade Wall x1 |
| 4:49 | [JA]adaaaam · wall_segment Palisade Wall x1 |
| 5:19 | [JA] Salytmacska · wall_segment Palisade Wall x1 |
| 6:39 | [JA]SchleK SobeR · wall_segment Palisade Wall x1 |
| 6:39 | [JA]SchleK SobeR · wall_segment Palisade Wall x1 |
| 6:53 | [JA]SchleK SobeR · wall_segment Palisade Wall x1 |
| 6:55 | [JA]Danager · wall_segment Palisade Wall x1 |
| 6:57 | [JA]Danager · wall_segment Palisade Wall x1 |
| 8:00 | [JA]Xerxes · wall_segment Palisade Wall x1 |
| 8:01 | [JA]Xerxes · wall_segment Palisade Wall x1 |
| 8:04 | [JA]adaaaam · wall_segment Palisade Wall x9 |
| 8:30 | [JA]Danager · first_building Barracks |
| 8:31 | [JA]Xerxes · first_building Barracks |
| 8:37 | [JA]adaaaam · wall_segment Palisade Wall x1 |
| 8:38 | [JA]adaaaam · wall_segment Palisade Wall x1 |
| 8:56 | [JA]SchleK SobeR · wall_segment Palisade Wall x1 |
| 8:58 | [JA]SchleK SobeR · wall_segment Palisade Wall x1 |
| 8:59 | [JA]peppsi96 · first_building Barracks |
| 8:59 | [JA]SchleK SobeR · wall_segment Palisade Wall x1 |
| 9:10 | [JA] Salytmacska · first_building Barracks |
| 9:21 | [JA]Danager · age_up feudal |
| 9:22 | [JA]Xerxes · age_up feudal |
| 9:23 | [JA]Danager · first_building Archery Range |
| 9:27 | [JA]Xerxes · first_building Archery Range |
| 9:41 | [JA]SchleK SobeR · age_up feudal |
| 9:43 | [JA]adaaaam · age_up feudal |
| 9:52 | [JA] Salytmacska · age_up feudal |
| 9:53 | [JA]adaaaam · wall_segment Palisade Wall x5 |
| 9:57 | [JA] Salytmacska · wall_segment Palisade Wall x1 |
| 9:59 | [JA]Xerxes · wall_segment Palisade Wall x1 |
| 10:01 | [JA]Xerxes · wall_segment Palisade Wall x1 |
| 10:03 | [JA]Xerxes · wall_segment Palisade Wall x1 |
| 10:09 | [JA] Salytmacska · first_building Stable |
| 10:18 | [JA]peppsi96 · age_up feudal |
| 10:20 | [JA]peppsi96 · first_building Stable |
| 10:21 | [JA]SchleK SobeR · wall_segment Palisade Wall x1 |
| 10:22 | [JA]SchleK SobeR · wall_segment Palisade Wall x1 |
| 10:38 | [JA]Danager · wall_segment Palisade Wall x1 |
| 10:39 | [JA]adaaaam · wall_segment Palisade Wall x5 |
| 11:48 | [JA]Danager · wall_segment Palisade Wall x6 |
| 11:49 | [JA]Danager · wall_segment Palisade Wall x1 |
| 11:50 | [JA]Danager · wall_segment Palisade Wall x1 |
| 12:29 | [JA]Danager · wall_segment Palisade Wall x9 |
| 12:31 | [JA]Danager · wall_segment Palisade Wall x2 |
| 12:35 | [JA]adaaaam · wall_segment Palisade Wall x6 |
| 13:34 | [JA]adaaaam · wall_segment Palisade Wall x6 |
| 13:34 | [JA]adaaaam · wall_segment Palisade Wall x5 |
| 13:49 | [JA]adaaaam · wall_segment Palisade Wall x14 |
| 14:55 | [JA] Salytmacska · wall_segment Palisade Wall x1 |
| 14:55 | [JA] Salytmacska · wall_segment Palisade Wall x1 |
| 15:01 | [JA]Danager · wall_segment Palisade Wall x5 |
| 18:39 | [JA]SchleK SobeR · first_building Barracks |
| 19:27 | [JA]Xerxes · first_building Stable |
| 19:42 | [JA]SchleK SobeR · first_building Archery Range |
| 20:06 | [JA]adaaaam · wall_segment Palisade Wall x5 |
| 20:14 | [JA]SchleK SobeR · wall_segment Palisade Wall x7 |
| 20:21 | [JA]Danager · wall_segment Palisade Wall x1 |
| 20:25 | [JA]SchleK SobeR · wall_segment Palisade Wall x9 |
| 20:28 | [JA]SchleK SobeR · wall_segment Palisade Wall x19 |
| 21:41 | [JA]Xerxes · age_up castle |
| 21:52 | [JA]Danager · first_market_buy 100 food |
| 21:52 | [JA]Danager · first_market_sell 500 wood |
| 21:54 | [JA]SchleK SobeR · age_up castle |
| 21:59 | [JA]Xerxes · first_market_sell 100 wood |
| 22:44 | [JA] Salytmacska · age_up castle |
| 22:53 | [JA]adaaaam · first_building Barracks |
| 23:05 | [JA]adaaaam · wall_segment Palisade Wall x1 |
| 23:06 | [JA]adaaaam · wall_segment Palisade Wall x1 |
| 23:09 | [JA] Salytmacska · first_building Castle |
| 23:11 | [JA]adaaaam · wall_segment Palisade Wall x1 |
| 23:47 | [JA]SchleK SobeR · wall_segment Palisade Wall x1 |
| 23:55 | [JA]SchleK SobeR · wall_segment Palisade Wall x1 |
| 23:58 | [JA]SchleK SobeR · wall_segment Palisade Wall x1 |
| 24:13 | [JA]adaaaam · first_building Stable |
| 24:16 | [JA]Danager · wall_segment Palisade Wall x12 |
| 24:17 | [JA]Danager · wall_segment Palisade Wall x3 |
| 24:19 | [JA]Danager · wall_segment Palisade Wall x1 |
| 24:20 | [JA]Danager · wall_segment Palisade Wall x1 |
| 24:21 | [JA]Danager · wall_segment Palisade Wall x1 |
| 24:26 | [JA]peppsi96 · age_up castle |
| 24:34 | [JA]Danager · age_up castle |
| 24:45 | [JA]adaaaam · age_up castle |
| 25:28 | [JA]adaaaam · first_building Siege Workshop |
| 25:37 | [JA]peppsi96 · first_building Siege Workshop |
| 25:49 | [JA]SchleK SobeR · wall_segment Palisade Wall x12 |
| 25:51 | [JA]Xerxes · first_market_buy 100 stone |
| 26:06 | [JA]adaaaam · first_market_buy 100 food |
| 26:27 | [JA] Salytmacska · wall_segment Palisade Wall x10 |
| 26:30 | [JA]Xerxes · first_building Siege Workshop |
| 28:17 | [JA]Danager · first_building Castle |
| 28:31 | [JA]peppsi96 · first_market_sell 100 food |
| 28:32 | [JA]peppsi96 · first_market_buy 100 wood |
| 29:29 | [JA]Xerxes · wall_segment Stone Wall x4 |
| 30:50 | [JA]adaaaam · first_market_sell 100 food |
| 31:20 | [JA]SchleK SobeR · first_market_buy 100 food |
| 31:29 | [JA]Xerxes · first_building Castle |
| 31:43 | [JA] Salytmacska · wall_segment Palisade Wall x1 |
| 31:45 | [JA] Salytmacska · wall_segment Palisade Wall x1 |
| 31:46 | [JA] Salytmacska · wall_segment Palisade Wall x1 |
| 31:55 | [JA]Xerxes · wall_segment Palisade Wall x1 |
| 31:56 | [JA]Xerxes · wall_segment Palisade Wall x1 |
| 32:16 | [JA]Xerxes · wall_segment Stone Wall x1 |
| 32:18 | [JA]Xerxes · wall_segment Stone Wall x1 |
| 32:18 | [JA]SchleK SobeR · first_building Stable |
| 32:27 | [JA]adaaaam · first_building Castle |
| 32:30 | [JA]Xerxes · wall_segment Stone Wall x1 |
| 33:04 | [JA]peppsi96 · tribute_sent a jugador 2 |
| 33:04 | [JA]peppsi96 · tribute_sent a jugador 3 |
| 33:04 | [JA]peppsi96 · tribute_sent a jugador 4 |
| 33:04 | [JA]peppsi96 · tribute_sent a jugador 5 |
| 33:04 | [JA]peppsi96 · tribute_sent a jugador 6 |
| 33:47 | [JA]Danager · wall_segment Palisade Wall x1 |
| 34:38 | [JA]Danager · wall_segment Palisade Wall x1 |
| 34:48 | [JA]Danager · wall_segment Palisade Wall x1 |
| 35:15 | [JA]adaaaam · wall_segment Stone Wall x9 |
| 35:26 | [JA]SchleK SobeR · first_building Castle |
| 35:37 | [JA]peppsi96 · wall_segment Palisade Wall x1 |
| 35:39 | [JA]peppsi96 · wall_segment Palisade Wall x1 |
| 35:40 | [JA]peppsi96 · wall_segment Palisade Wall x1 |
| 35:47 | [JA] Salytmacska · first_building Archery Range |
| 36:19 | [JA]Xerxes · age_up imperial |
| 36:23 | [JA]SchleK SobeR · first_building Monastery |
| 36:44 | [JA]Xerxes · wall_segment Stone Wall x1 |
| 36:45 | [JA]Xerxes · wall_segment Stone Wall x1 |
| 36:47 | [JA]Xerxes · wall_segment Stone Wall x1 |
| 36:48 | [JA]Xerxes · wall_segment Stone Wall x1 |
| 36:49 | [JA]Xerxes · wall_segment Stone Wall x1 |
| 36:50 | [JA]Xerxes · wall_segment Stone Wall x1 |
| 36:51 | [JA]Xerxes · wall_segment Stone Wall x1 |
| 36:52 | [JA]adaaaam · first_building Monastery |
| 36:52 | [JA]Xerxes · wall_segment Stone Wall x1 |
| 36:58 | [JA] Salytmacska · age_up imperial |
| 37:24 | [JA] Salytmacska · first_market_buy 100 wood |
| 37:46 | [JA]adaaaam · wall_segment Stone Wall x9 |
| 38:50 | [JA]Danager · age_up imperial |
| 39:13 | [JA]peppsi96 · first_building Castle |
| 39:42 | [JA]SchleK SobeR · age_up imperial |
| 41:08 | [JA]peppsi96 · tribute_sent a jugador 2 |
| 41:08 | [JA]peppsi96 · tribute_sent a jugador 3 |
| 41:08 | [JA]peppsi96 · tribute_sent a jugador 4 |
| 41:08 | [JA]peppsi96 · tribute_sent a jugador 5 |
| 41:08 | [JA]peppsi96 · tribute_sent a jugador 6 |
| 42:20 | [JA]adaaaam · age_up imperial |
| 43:29 | [JA]SchleK SobeR · first_market_sell 100 food |
| 43:32 | [JA]peppsi96 · age_up imperial |
| 43:59 | [JA]peppsi96 · wall_segment Stone Wall x19 |
| 45:43 | [JA]Danager · first_building Siege Workshop |
| 47:09 | [JA] Salytmacska · first_market_sell 100 food |
| 47:12 | [JA]adaaaam · first_building Archery Range |
| 49:07 | [JA] Salytmacska · tribute_sent a jugador 1 |
| 49:07 | [JA] Salytmacska · tribute_sent a jugador 2 |
| 49:07 | [JA] Salytmacska · tribute_sent a jugador 4 |
| 49:07 | [JA] Salytmacska · tribute_sent a jugador 5 |
| 49:07 | [JA] Salytmacska · tribute_sent a jugador 6 |
| 49:08 | [JA]Danager · wall_segment Stone Wall x9 |
| 49:33 | [JA] Salytmacska · first_building Siege Workshop |
| 49:36 | [JA]Danager · wall_segment Stone Wall x17 |
| 50:25 | [JA] Salytmacska · tribute_sent a jugador 1 |
| 50:25 | [JA] Salytmacska · tribute_sent a jugador 2 |
| 50:25 | [JA] Salytmacska · tribute_sent a jugador 4 |
| 50:25 | [JA] Salytmacska · tribute_sent a jugador 5 |
| 50:25 | [JA] Salytmacska · tribute_sent a jugador 6 |
| 51:21 | [JA]SchleK SobeR · first_building Siege Workshop |
| 52:14 | [JA]Danager · wall_segment Stone Wall x5 |
| 54:39 | [JA]adaaaam · wall_segment Stone Wall x2 |
| 56:15 | [JA]peppsi96 · resign |
[ AI ANALYSIS · 1 CREDIT ]
What really happened in this match?
Wolo.gg analyzes every decision: build order, eco, micro, common mistakes by bracket. Personalized analysis on WhatsApp or Discord in 30 seconds.
Civ guide
Teutons
Perfil
Jugador #2274472